 Dungeon Crawl Stone Soup version 0.31-a0-986-g5e6e4ef867 (webtiles) character file.

Game seed: 14566023291795195161

49118 Forgeling the Unseen (level 14, -21/87 (97) HPs)
             Began as an Octopode Enchanter on Nov 9, 2023.
             Was the Champion of Ru.
             Demolished by a komodo dragon (39 damage)
             ... on level 5 of the Lair of Beasts on Nov 10, 2023.
             The game lasted 01:11:25 (19963 turns).

Forgeling the Unseen (Octopode Enchanter)          Turns: 19963, Time: 01:11:25

HP:   -21/87 (97)   AC:  7    Str:  7    XL:     14   Next: 49%
MP:   17/28         EV:  2    Int: 24    God:    Ru [******]
Gold: 443           SH:  0    Dex: 14    Spells: 21/33 levels left

rFire   x . .        f - +1 short sword (venom)
rCold   + . .        r - +0 buckler
rNeg    + + +        U - +2 hat "Maot" {rN++}
rPois   +            a - amulet "Xirghuh" {Will+ Regen+}
rElec   +            e - +4 ring of protection
rCorr   +            H - ring of poison resistance
SInv    .            L - ring of resist corrosion
Will    +....        S - ring "Xumesog" {Ice Int+2 Dex+3}
Stlth   +++++++      k - ring of positive energy
HPRegen 1.14/turn    (no ring)
MPRegen 0.21/turn    (no ring)
                     (no ring)

%: no passive effects
@: exhausted, resistant, sleeping, heavily drained
A: almost no armour, amphibious, 8 rings, camouflage 1, clumsy 1, gelatinous
body 1, no potion heal 1, hated by all, weak-willed 1, temperature sensitive,
(nimble swimmer 1), tentacles
a: Renounce Religion, Draw Out Power, Power Leap, Apocalypse


You were on level 5 of the Lair of Beasts.
You worshipped Ru.
Ru was exalted by your worship.
You visited 2 branches of the dungeon, and saw 17 of its levels.
You also visited: Sewer, Bailey and Gauntlet.

You collected 1256 gold pieces.
You spent 813 gold pieces at shops.

Inventory:

Hand Weapons
 f - a +1 short sword of venom (weapon)
 v - the +8 mace "Gaheont" {speed, *Noise *Slow rF+ rC+ Str+7}
   (You found it in a Gauntlet)

   Str+7:     It affects your strength (+7).
   rF+:       It protects you from fire.
   rC+:       It protects you from cold.
   *Noise:    It may make a loud noise when swung.
   *Slow:     It may slow you when you take damage.
Missiles
 t - 12 poisoned darts
 z - 4 curare-tipped darts
Armour
 r - a +0 buckler (worn)
 U - the +2 hat "Maot" (worn) {rN++}
   (You found it in a Gauntlet)

   rN++:      It greatly protects you from negative energy.
Magical Staves
 b - a staff of cold
 K - a staff of conjuration
 Z - a staff of fire
Jewellery
 a - the amulet "Xirghuh" (around mantle) {Will+ Regen+}
   (You bought it in a shop on level 4 of the Dungeon)

   [amulet of regeneration]

   Will+:     It increases your willpower.
   Regen+:    It increases your rate of health regeneration.
 e - a +4 ring of protection (left tentacle)
 k - a ring of positive energy (on tentacle)
 H - a ring of poison resistance (right tentacle)
 L - a ring of resist corrosion (on tentacle)
 S - the ring "Xumesog" (on tentacle) {Ice Int+2 Dex+3}
   (You found it in a Gauntlet)

   [ring of ice]

   Ice:       It enhances your ice magic.
   Int+2:     It affects your intelligence (+2).
   Dex+3:     It affects your dexterity (+3).
   rF-:       It makes you vulnerable to fire.
   rC+:       It protects you from cold.
Talismans
 g - a blade talisman
 V - a dragon-blood talisman
 X - the storm talisman of Cheibriados's Grace {Str+3}
   (You found it in a Gauntlet)

   [storm talisman]

   Str+3:     It affects your strength (+3).
Wands
 d - a wand of digging (5)
 h - a wand of light (13)
 i - a wand of iceblast (15)
 j - a wand of polymorph (3)
 q - a wand of flame (45)
 y - a wand of mindburst (8)
Scrolls
 c - a scroll of noise
 l - a scroll of torment {unknown}
 m - 2 scrolls of vulnerability {unknown}
 n - a scroll of acquirement {unknown}
 p - 8 scrolls of enchant armour
 u - 5 scrolls of enchant weapon
 x - 3 scrolls of brand weapon
 D - 3 scrolls of amnesia
 F - a scroll of butterflies {unknown}
 M - 3 scrolls of blinking {unknown}
 O - 3 scrolls of silence
 P - 7 scrolls of poison
 Y - 3 scrolls of teleportation {@r3}
Potions
 o - 3 potions of might {unknown}
 w - 6 potions of enlightenment
 A - 4 potions of attraction
 B - 3 potions of brilliance
 C - 2 potions of cancellation
 G - a potion of ambrosia
 I - 2 potions of invisibility
 J - 8 potions of curing {@q1}
 N - 4 potions of heal wounds {@q2}
 Q - 5 potions of magic
 R - 5 potions of resistance
 T - 2 potions of berserk rage
 W - a potion of degeneration {unknown}
Miscellaneous
 s - a tin of tremorstones (2/2)


   Skills:
 + Level 9.2 Fighting
 - Level 8.0 Short Blades
 + Level 5.4 Dodging
 - Level 15.0 Stealth
 - Level 5.0 Shields
 - Level 10.0 Spellcasting
 - Level 10.0 Hexes
 - Level 10.0 Poison Magic
 - Level 9.0 Evocations


You had 21 spell levels left.
You knew the following spells:

 Your Spells              Type           Power      Damage    Failure   Level
g - Ensorcelled Hibernat  Hex/Ice        100%       N/A       1%          2
h - Confusing Touch       Hex            56%        N/A       1%          3
j - Tukima's Dance        Hex            56%        N/A       1%          3
w - Olgreb's Toxic Radia  Pois           56%        N/A       1%          4

Your spell library contained the following spells:

 Spells                   Type           Power      Damage    Failure   Level
 Sting                    Tmut/Pois      100%       1d8       1%          1
 Poisonous Vapours        Pois/Air       72%        N/A       1%          2
 Dazzling Flash           Conj/Hex       72%        N/A       3%          3
 Inner Flame              Hex/Fire       36%        N/A       3%          3
 Freeze                   Ice            72%        1d8       8%          1
 Shock                    Conj/Air       48%        1d6       8%          1
 Lesser Beckoning         Tloc           24%        N/A       12%         2
 Sublimation of Blood     Necr           12%        N/A       12%         2
 Frozen Ramparts          Ice            36%        1d6       24%         3
 Gell's Gravitas          Tloc           12%        N/A       24%         3
 Hailstorm                Conj/Ice       18%        3d6       24%         3
 Swiftness                Air            12%        N/A       24%         3
 Teleport Other           Tloc           12%        N/A       24%         3
 Airstrike                Air            6%         2d(1-17)  61%         4
 Flame Wave               Conj/Fire      12%        2d6       61%         4
 Manifold Assault         Tloc           12%        N/A       61%         4
 Petrify                  Tmut/Erth      12%        N/A       61%         4
 Sticky Flame             Conj/Fire      12%        2d4       61%         4
 Irradiate                Conj/Tmut      6%         3d13      91%         5
 Dispersal                Tloc           6%         N/A       100%        6
 Disjunction              Tloc           6%         N/A       100%        8


Dungeon Overview and Level Annotations

Branches:
Dungeon (12/15)            Temple (0/1) D:7            Lair (5/5) D:10
  Swamp (0/4) Lair:3       Spider (0/4) Lair:3        Slime (0/5) Lair:4
    Orc (0/2) D:11          Sewer (visited)          Bailey (visited)
Gauntlet (visited)

Altars:
Cheibriados
Gozag
Makhleb
Nemelex Xobeh
Qazlal
Ru
Trog
Uskayaw
Wu Jian
The Shining One

Shops:
D:4 =

Annotations:
D:8 FakeRyeBread's ghost, novice GrFi
D:12 1 transporter
Lair:3 2 transporters, exclusions: basilisk and hydra, zenocrate's ghost, journeyman GrIE


Innate Abilities, Weirdness & Mutations

You cannot wear most types of armour.
You are amphibious.
You can wear up to eight rings at the same time.
Your skin changes colour to match your surroundings (Stealth+).
You are clumsy. (Dex -2)
Your rubbery body absorbs attacks. (AC +1, EV +1)
Potions are less effective at restoring your health.
You are hated by all.
You are slightly weak-willed. (Will-)
You are sensitive to extremes of temperature. (rF-, rC-)
((You are camouflaged when in or above water. (Stealth+)))
You have tentacles for arms and can constrict up to eight enemies at once.


Message History

The komodo dragon looks as sick as possible!
You kill the dream sheep!
Your attack snaps the dream sheep out of its fear.
The dream sheep is poisoned.
Your attack snaps the dream sheep out of its fear. x2
The dream sheep looks even sicker.
Your attack snaps the dream sheep out of its fear.
The dream sheep looks more healthy.
The komodo dragon bites you.
* * * LOW HITPOINT WARNING * * *
Okay, then.
Unknown command.
Unknown command.
Unknown command.
Unknown command.
Unknown command.
Unknown command.
Okay, then.
Unknown command.
Unknown command.
Unknown command.
It was a potion of resistance.
You feel protected.
R - 5 potions of resistance;
l - a scroll labelled KUVVOAP KUUZI The dream sheep looks even sicker.
The dream sheep is poisoned.
The dream sheep looks even sicker.
You redirect the dream sheep's attack!
The dream sheep barely misses the komodo dragon.
The komodo dragon is stunned by your conviction and fails to attack.
It was a potion of heal wounds.
Your system partially rejects the healing.
You feel much better.
N - 4 potions of heal wounds;
n - a scroll labelled FAZUNW XUNUH The komodo dragon looks as sick as possible!
The dream sheep looks even sicker.
Your toxic aura wanes.
You kill the dream sheep!
The dream sheep shake their wool and sparkle.
You feel drowsy...
You fall asleep.
The komodo dragon bites you!!!
You die...

.. .#.♣.# #$...........
..##....### #..../#.#.
.#........## ###†...###
#..........###........##.
§........÷...#......F..Y..
.S.#....##÷...#...YY......#
...##.♣..##........##..#.##
.####....###÷.##lY..#P## .#
.# #.÷.÷.###.†÷#@†.#####..#
♣# #..<÷..##♣.<#....##.#..#
.# #.....###..†#......#....
.# ##....##....#..†........
... #.♣.###...#†.........PP
...##..÷.....####.........#
#...........## #....###..
##..........## #...##
..#.......##.####...#


You could see a komodo dragon (extremely poisoned), a cane toad (fleeing) and 3
dream sheep.

Vanquished Creatures
  A minotaur (Gauntlet)
  A fire dragon (Lair:4)
  4 hydras
  A boulder beetle (D:11)
  4 two-headed ogres
  4 death yaks (Lair:3)
  Urug (D:12)
  A fire crab (Gauntlet)
  Pikel (D:8)
  An orc knight (Bailey)
  2 lindwurms (Lair:4)
  2 ugly things
  A wolf spider (Lair:1)
  5 oklob plants
  4 black mambas
  Maurice (D:8)
  An elephant (Lair:4)
  15 cane toads
  Joseph (D:7)
  An unseen horror zombie (D:8)
  7 komodo dragons
  3 rime drakes
  3 trolls
  3 tyrant leeches (Lair:3)
  2 hornets
  21 blink frogs
  2 dream sheep (Lair:5)
  3 slime creatures (D:12)
  8 flying skulls (Gauntlet)
  6 wyverns
  A vampire (D:10)
  44 yaks
  A wraith (D:11)
  2 fire elementals (Gauntlet)
  6 basilisks
  A fire bat (Gauntlet)
  A steam dragon (D:10)
  A swamp worm (Lair:3)
  12 water moccasins
  2 hell hounds (Gauntlet)
  10 orc warriors
  3 black bears (D:10)
  An ogre (D:4)
  13 wolves
  7 centaurs
  2 phantoms
  2 kobold brigands
  15 bullfrogs
  Blork the orc (D:4)
  2 gnoll sergeants
  3 scorpions
  6 wights
  14 killer bees
  2 howler monkeys
  A gnoll bouda (D:5)
  3 hounds
  3 jellies
  11 orc priests
  A sleepcap (D:6)
  5 iguanas
  10 orc wizards
  A sickly merfolk siren (Sewer)
  A hell rat (Lair:5)
  A malarious merfolk avatar (Sewer)
  14 gnolls
  10 adders
  2 river rats
  2 shadow imps
  2 ufetubi (D:5)
  2 worms (D:3)
  4 dart slugs
  51 orcs
  14 endoplasms
  5 giant cockroaches
  14 goblins
  6 hobgoblins
  3 jackals (D:3)
  8 quokkas
  8 ball pythons
  4 bats
  7 frilled lizards
  11 kobolds
  24 rats
490 creatures vanquished.

Vanquished Creatures (collateral kills)
  An orc warrior (Bailey)
  2 wights (D:7)
  4 orcs (Bailey)
7 creatures vanquished.

Vanquished Creatures (others)
  A blink frog (Lair:5)
  A yak (Lair:4)
  6 dancing weapons
8 creatures vanquished.

Grand Total: 505 creatures vanquished

Notes
Turn   | Place    | Note
-------+----------+-------------------------------------------
     0 | D:1      | Forgeling the Octopode Enchanter began the quest for the
                  | Orb.
     0 | D:1      | Reached XP level 1. HP: 11/11 MP: 3/3
   157 | D:1      | Reached XP level 2. HP: 12/17 MP: 5/5
   160 | D:1      | Learned a level 2 spell: Ensorcelled Hibernation
   468 | D:1      | Reached XP level 3. HP: 21/21 MP: 6/6
   649 | D:1      | Found a faded altar of an unknown god.
   712 | D:2      | Learned a level 3 spell: Confusing Touch
  1297 | D:2      | Reached XP level 4. HP: 27/27 MP: 7/7
  1492 | D:3      | Reached skill level 5 in Hexes
  1682 | D:3      | HP: 1/27 [orc priest/divine providence (13)]
  1807 | D:3      | Found a glowing drain.
  1816 | Sewer    | Entered a sewer
  1875 | Sewer    | Reached XP level 5. HP: 31/31 MP: 8/8
  2173 | Sewer    | Reached XP level 6. HP: 36/36 MP: 10/10
  2324 | D:3      | Learned a level 3 spell: Tukima's Dance
  2659 | D:3      | Found a sacrificial altar of Ru.
  2671 | D:3      | Became a worshipper of Ru the Awakened
  2679 | D:3      | Found a burning altar of Makhleb.
  3201 | D:4      | Noticed Blork the orc
  3211 | D:4      | Killed Blork the orc
  3212 | D:4      | Reached skill level 5 in Stealth
  3302 | D:4      | Reached XP level 7. HP: 36/41 MP: 5/11
  3407 | D:4      | Reached skill level 6 in Stealth
  3544 | D:4      | Found Zobous Ninwi's Jewellery Emporium.
  3893 | D:4      | You fall into a shaft and drop 3 floors!
  3983 | D:7      | Noticed Joseph
  4082 | D:7      | Gained mutation: You are sensitive to extremes of
                  | temperature. (rF-, rC-) [Ru sacrifice]
  4082 | D:7      | Reached * piety under Ru
  4082 | D:7      | Reached ** piety under Ru
  4086 | D:7      | Found a flagged portal.
  4145 | Bailey   | Entered a bailey
  4191 | Bailey   | Reached skill level 7 in Stealth
  4578 | Bailey   | Noticed an orc knight
  4745 | Bailey   | Reached XP level 8. HP: 34/46 MP: 3/12
  4960 | Bailey   | Killed an orc knight
  5126 | D:5      | Entered Level 5 of the Dungeon
  5126 | D:5      | Noticed a +0 falchion
  5126 | D:5      | Noticed a +0 dagger
  5128 | D:5      | Noticed a +0 falchion
  5143 | D:5      | Noticed a +0 spear
  5152 | D:5      | Reached skill level 10 in Hexes
  5166 | D:5      | Noticed a +0 short sword
  5294 | D:5      | Noticed a +0 spear
  5437 | D:5      | Noticed a +0 dagger
  5444 | D:5      | Reached XP level 9. HP: 50/51 MP: 10/14
  5522 | D:5      | Noticed a +0 short sword
  5524 | D:5      | Found a hide-covered altar of Uskayaw.
  5580 | D:5      | Found an opulent altar of Gozag.
  6282 | D:6      | Reached skill level 5 in Spellcasting
  6352 | D:6      | Reached skill level 1 in Fighting
  6777 | D:6      | Found an ornate altar of the Wu Jian Council.
  7232 | D:7      | Reached skill level 8 in Stealth
  7535 | D:7      | Gained mutation: You are hated by all. [Ru sacrifice]
  7535 | D:7      | Reached *** piety under Ru
  7535 | D:7      | Reached **** piety under Ru
  7552 | D:7      | Reached skill level 5 in Short Blades
  7789 | D:7      | Found a staircase to the Ecumenical Temple.
  8240 | D:7      | Killed Joseph
  8282 | D:8      | Noticed Maurice
  8370 | D:8      | Something stole a staff of cold
  8376 | D:8      | Killed Maurice
  8377 | D:8      | Reached skill level 9 in Stealth
  8377 | D:8      | Reached XP level 10. HP: 60/63 MP: 14/17
  8479 | D:8      | Reached skill level 10 in Stealth
  8956 | D:8      | Found a runed translucent gate.
  8956 | D:8      | Found a runed translucent gate.
  8956 | D:8      | Found a runed translucent gate.
  8957 | D:8      | Noticed FakeRyeBread's ghost (novice GrFi)
  9141 | D:4      | Bought the amulet "Xirghuh" {Will+ Regen+} for 553 gold
                  | pieces
  9326 | D:9      | Noticed Pikel
  9477 | D:9      | Noticed a two-headed ogre
  9478 | D:9      | Reached skill level 11 in Stealth
  9894 | D:8      | Killed Pikel
 10005 | D:9      | Reached skill level 12 in Stealth
 10279 | D:10     | Entered Level 10 of the Dungeon
 10341 | D:9      | Reached XP level 11. HP: 67/67 MP: 11/20
 10412 | D:10     | Found a sparkling altar of Nemelex Xobeh.
 10414 | D:10     | Found a bloodstained altar of Trog.
 10656 | D:10     | Gained mutation: You are slightly weak-willed. (Will-) [Ru
                  | sacrifice]
 10656 | D:10     | Reached ***** piety under Ru
 10670 | D:10     | Found a staircase to the Lair.
 11223 | D:10     | Found a stormy altar of Qazlal.
 11225 | D:10     | Found a glowing golden altar of the Shining One.
 11227 | D:10     | Found a snail-covered altar of Cheibriados.
 11288 | D:10     | Noticed a two-headed ogre
 11352 | D:11     | Reached skill level 1 in Shields
 11762 | D:11     | Noticed a boulder beetle
 11767 | D:11     | Noticed a two-headed ogre
 11770 | D:11     | Killed a boulder beetle
 11770 | D:11     | Killed a two-headed ogre
 11945 | D:11     | Noticed a two-headed ogre
 11971 | D:11     | Killed a two-headed ogre
 11972 | D:11     | Reached skill level 5 in Dodging
 11972 | D:11     | Reached skill level 5 in Shields
 12023 | D:11     | Found a staircase to the Orcish Mines.
 12115 | D:11     | Noticed a brown ugly thing
 12135 | D:11     | Killed a brown ugly thing
 12229 | D:11     | Reached skill level 5 in Fighting
 12248 | D:10     | Reached XP level 12. HP: 57/77 MP: 21/24
 12454 | D:11     | Learned a level 4 spell: Olgreb's Toxic Radiance
 12491 | D:12     | Noticed Urug
 12498 | D:12     | Killed Urug
 12893 | D:12     | Found a transporter.
 12936 | D:12     | Reached skill level 5 in Poison Magic
 13292 | D:10     | Killed a two-headed ogre
 13419 | D:9      | Killed a two-headed ogre
 13571 | D:9      | Gained mutation: Potions are less effective at restoring
                  | your health. [Ru sacrifice]
 13894 | D:4      | Bought a ring of poison resistance for 260 gold pieces
 14037 | Lair:1   | Entered Level 1 of the Lair of Beasts
 14171 | Lair:1   | Reached skill level 1 in Evocations
 14408 | Lair:1   | Reached skill level 5 in Evocations
 15457 | Lair:2   | Reached XP level 13. HP: 76/83 MP: 20/25
 16185 | Lair:3   | Found a snail-covered altar of Cheibriados.
 16389 | Lair:3   | Found a staircase to the Swamp.
 16473 | Lair:3   | Found a transporter.
 16478 | Lair:3   | Found a transporter.
 16481 | Lair:3   | Noticed zenocrate's ghost (journeyman GrIE)
 16529 | Lair:2   | Reached skill level 10 in Poison Magic
 16873 | Lair:3   | Reached skill level 10 in Spellcasting
 17036 | Lair:3   | Found a hole to the Spider Nest.
 17248 | Lair:3   | Reached skill level 13 in Stealth
 17669 | Gauntlet | Identified the "Ybu Soun"
 17867 | Lair:4   | Found a staircase to the Slime Pits.
 17996 | Lair:4   | Found a gate leading to a gauntlet.
 18005 | Gauntlet | Entered a Gauntlet
 18005 | Gauntlet | Found a transporter.
 18005 | Gauntlet | Found a transporter.
 18009 | Gauntlet | Found a transporter.
 18009 | Gauntlet | Found a transporter.
 18018 | Gauntlet | Found a transporter.
 18043 | Gauntlet | Found a transporter.
 18043 | Gauntlet | Found a large runed translucent door.
 18044 | Gauntlet | Found a large runed translucent door.
 18046 | Gauntlet | Found a runed translucent gate.
 18047 | Gauntlet | Found a transporter.
 18048 | Gauntlet | Found a transporter.
 18050 | Gauntlet | Found a transporter.
 18054 | Gauntlet | Found a runed translucent gate.
 18054 | Gauntlet | Found a runed translucent gate.
 18056 | Gauntlet | Found a large runed translucent door.
 18057 | Gauntlet | Found a large runed translucent door.
 18069 | Gauntlet | Found a large runed translucent door.
 18069 | Gauntlet | Found a large runed translucent door.
 18070 | Gauntlet | Found a large runed translucent door.
 18070 | Gauntlet | Found a large runed translucent door.
 18077 | Gauntlet | Found a transporter.
 18080 | Gauntlet | Found a large runed translucent door.
 18080 | Gauntlet | Found a large runed translucent door.
 18080 | Gauntlet | Found a runed translucent door.
 18080 | Gauntlet | Found a runed translucent door.
 18081 | Gauntlet | Found a large runed translucent door.
 18082 | Gauntlet | Found a large runed translucent door.
 18084 | Gauntlet | Found a transporter.
 18104 | Gauntlet | Found a transporter.
 18137 | Gauntlet | Found a transporter.
 18153 | Gauntlet | Found a transporter.
 18255 | Gauntlet | Found a transporter.
 18273 | Gauntlet | Found a transporter.
 18288 | Gauntlet | Found a large runed translucent door.
 18288 | Gauntlet | Found a large runed translucent door.
 18289 | Gauntlet | Found a large runed translucent door.
 18290 | Gauntlet | Found a large runed translucent door.
 18378 | Gauntlet | Reached skill level 14 in Stealth
 18458 | Gauntlet | Identified the ring "Xumesog" {Ice Int+2 Dex+3}
 18523 | Gauntlet | Identified the +2 hat "Maot" {rN++}
 18566 | Gauntlet | Noticed a minotaur
 18580 | Gauntlet | Killed a minotaur
 18588 | Gauntlet | Identified the storm talisman of Cheibriados's Grace
                  | {Str+3}
 18588 | Gauntlet | Identified the +8 mace "Gaheont" {speed, *Noise *Slow rF+
                  | rC+ Str+7}
 18649 | Lair:4   | Reached XP level 14. HP: 94/95 MP: 28/28
 18989 | Lair:4   | Reached skill level 15 in Stealth
 19505 | Lair:5   | Entered Level 5 of the Lair of Beasts
 19933 | Lair:5   | Gained mutation: You are clumsy. (Dex -2) [Ru sacrifice]
 19933 | Lair:5   | Reached ****** piety under Ru
 19961 | Lair:5   | HP: 3/86 [komodo dragon (4)]
 19963 | Lair:5   | Demolished by a komodo dragon

Illustrated notes

Levels and vault maps discovered:
D:1:      eino_arrival_water_cross, layout_basic, basic_ecumenical_altar
D:2:      minmay_chambers_of_ones, layout_basic
D:3:      layout_basic, mainiacjoe_overflow_catch_the_wave,
          gup_sewer_entry_bubbles
D:4:      layout_basic, serial_shops, shop, uniq_blork_the_orc
D:5:      layout_basic, nicolae_gozag_seed_capital, nicolae_uskayaw_en_pointe,
          serial_glass, glass_columns_b, glass_columns_b, glass_columns_c,
          glass_columns_a, glass_columns_a, glass_columns_b
D:6:      layout_loops_ring, kennysheep_mini
D:7:      layout_loops_ring, lemuel_temple_firewalk_a, enter_bailey_3,
          uniq_joseph
D:8:      layout_rooms, gammafunk_ghost_necromancy,
          minmay_misc_feat_secret_circle, minmay_misc_feat_diagonals,
          uniq_maurice
D:9:      layout_rooms, uniq_pikel
D:10:     layout_long_grid, marbit_many_paths, minitemple,
          minmay_lair_entry_grove, hangedman_decor_opposing
D:11:     layout_loops_ring, david_orc_3
D:12:     gammafunk_jiyva_shrine, layout_irregular_city, uniq_urug
Lair:1:   layout_chaotic_city, nicolae_lair_run_with_the_wolves,
          infiniplex_staircase_pool_2
Lair:2:   layout_roguey, lemuel_oklob_altar
Lair:3:   layout_regular_city, minmay_swamp_entry_worms,
          spider_nest_entry_web_field, gammafunk_ghost_arena, basic_altar,
          st_stairs_3
Lair:4:   minmay_lair_oklob_tunnel, layout_regular_city, slime_entry_1,
          gauntlet_entry_generic, st_stairs_10, hellmonk_talismancer,
          grunt_megastairs_2
Lair:5:   evil_forest, layout_small_grid, eino_house_with_fridge,
          grunt_megastairs_5, uniq_snorg

Skill      XL: |  1  2  3  4  5  6  7  8  9 10 11 12 13 14 |
---------------+-------------------------------------------+-----
Hexes          | 4 5 6 7 10 | 10.0
Spellcasting   | 3 5 6 8 10 | 10.0
Short Blades   | 2 3 6 8 |  8.0
Stealth        | 5 7 9 12 14 15 | 15.0
Fighting       | 3 5 6 8 9 |  9.2
Shields        | 5 |  5.0
Dodging        | 5 |  5.4
Poison Magic   | 8 10 | 10.0
Evocations     | 5 9 |  9.0

Action                     |  1- 3 |  4- 6 |  7- 9 | 10-12 | 13-15 || total
---------------------------+-------+-------+-------+-------+-------++-------
  Melee: Dagger            |    67 |   183 |   233 |       |       ||   483
         Constrict         |    14 |    39 |    62 |    59 |    16 ||   190
         Tentacles         |    12 |    41 |    96 |   100 |    43 ||   292
         Punch             |       |     4 |     7 |     4 |     2 ||    17
         Short sword       |       |       |    29 |   354 |   132 ||   515
  Throw: Dart              |       |       |       |    10 |     2 ||    12
   Cast: Ensorcelled Hiber |       |     8 |    16 |   106 |    64 ||   194
         Confusing Touch   |       |     2 |    19 |    14 |     4 ||    39
         Tukima's Dance    |       |     2 |    25 |       |       ||    27
         Olgreb's Toxic Ra |       |       |       |    22 |    28 ||    50
 Invoke: Sacrifice Resista |       |       |     1 |       |       ||     1
         Sacrifice Love    |       |       |     1 |       |       ||     1
         Power Leap        |       |       |       |     9 |     2 ||    11
         Apocalypse        |       |       |       |     2 |     7 ||     9
         Sacrifice Essence |       |       |       |     1 |       ||     1
         Sacrifice Purity  |       |       |       |     1 |     1 ||     2
         Reject Sacrifices |       |       |       |       |     1 ||     1
  Evoke: Wand              |       |       |       |       |     3 ||     3
    Use: Scroll            |     1 |     3 |     4 |     2 |     4 ||    14
         Potion            |       |     8 |     2 |       |     4 ||    14
   Stab: Distracted        |     1 |     1 |       |     3 |       ||     5
         Sleeping          |    16 |    24 |    26 |    69 |    51 ||   186
         Confused          |       |     3 |    12 |    13 |     3 ||    31
         Invisible         |       |       |     3 |     4 |     4 ||    11
         Paralysed         |       |       |       |     1 |     5 ||     6
 Armour: Skin              |    23 |    85 |   116 |   241 |    82 ||   547
  Dodge: Dodged            |    24 |    79 |   121 |   212 |    43 ||   479
  Block: Buckler           |       |       |     3 |    68 |    22 ||    93

Table legend: (Time is in decaauts)
 A = Elapsed time spent in this place.
 B = Non-inter-level travel time spent in this place.
 C = Inter-level travel time spent in this place.
 D = Time resting spent in this place.
 E = Time spent auto-exploring this place.
 F = Levels seen in this place.
 G = Mean time per level.
                   A        B        C        D        E       F      G
               +--------+--------+--------+--------+--------+-----+--------+
         Total |  19781 |  18261 |   1520 |   1506 |  11600 |  20 |  989.0 |
       Dungeon |  12567 |  11450 |   1117 |    823 |   7730 |  12 | 1047.2 |
          Lair |   5243 |   4841 |    402 |    268 |   3276 |   5 | 1048.6 |
         Sewer |    496 |    496 |      0 |     79 |     92 |   1 |  496.0 |
        Bailey |    840 |    840 |      0 |    283 |    208 |   1 |  840.0 |
      Gauntlet |    634 |    634 |      0 |     53 |    294 |   1 |  634.0 |
               +--------+--------+--------+--------+--------+-----+--------+

Top non-repeatable levels by time:
     D:7: 1667 daAuts
  Lair:4: 1466 daAuts
     D:6: 1378 daAuts
  Lair:3: 1374 daAuts
    D:10: 1330 daAuts
  Lair:2: 1197 daAuts
     D:8: 1087 daAuts
     D:3: 1066 daAuts
  Lair:1: 1039 daAuts
     D:4: 1002 daAuts
    D:11: 998 daAuts
     D:9: 990 daAuts
     D:5: 915 daAuts
  Bailey: 840 daAuts
    D:12: 746 daAuts
